 Dungeon Crawl Stone Soup version 0.17.1-3-g152610e (webtiles) character file.

167275 Glider the End of an Era (level 17, -2/152 HPs)
             Began as a Hill Orc Gladiator on Apr 21, 2016.
             Was the Champion of Qazlal.
             Blown up by an orb spider (32 damage)
             ... with a wavering orb of destruction
             ... on level 4 of the Spider Nest on Apr 22, 2016.
             The game lasted 03:05:57 (43799 turns).

Glider the End of an Era (Hill Orc Gladiator)      Turns: 43799, Time: 03:05:57

Health: -2/152     AC: 29    Str: 23    XL:     17   Next: 92%
Magic:  28/28      EV: 19    Int:  8    God:    Qazlal [******]
Gold:   1491       SH:  8    Dex: 23    Spells: 0 memorised, 16 levels left

rFire  + . .     SeeInvis .     W - +5 battleaxe (freeze)
rCold  . . .     Clarity  .     g - +5 ring mail {rF+}
rNeg   + . .     SustAt   .     (shield currently unavailable)
rPois  +         Gourm    +     c - +0 helmet
rElec  .         Spirit   .     s - +0 cloak "Qoloclu" {rN+ rCorr Str+3 Dex+3} (curse)
rCorr  +         Warding  .     y - +0 pair of gloves
rMut   .         Rnd*Tele +     r - +2 pair of boots {run}
MR     +....                    b - amulet "Qurel" {Gourm Dex+4}
Stlth  +.........               p - ring "Imeuhaxtoff" {Wiz rPois}
                                x - +6 ring of protection

@: exhausted, protected from physical damage, repel missiles, quick, somewhat
resistant to hostile enchantments, very unstealthy
A: blink, low mp 1, teleportitis 1
a: Blink, Upheaval, Elemental Force, Disaster Area, Renounce Religion


You were on level 4 of the Spider Nest.
You worshipped Qazlal.
Qazlal was exalted by your worship.
You were not hungry.

You visited 5 branches of the dungeon, and saw 32 of its levels.
You also visited: Labyrinth, Sewer and Volcano.

You collected 3375 gold pieces.
You spent 1884 gold pieces at shops.

Inventory:

Hand Weapons
 E - a +4 war axe of holy wrath
 W - a +5 battleaxe of freezing (weapon)
Missiles
 d - 4 throwing nets (quivered)
Armour
 a - a +2 cloak
 c - a +0 helmet (worn)
 g - a +5 ring mail of fire resistance (worn)
 r - a +2 pair of boots of running (worn)
 s - the cursed +0 cloak "Qoloclu" (worn) {rN+ rCorr Str+3 Dex+3}
   (You found it on level 3 of the Spider Nest)

   It affects your strength (+3).
   It affects your dexterity (+3).
   It protects you from negative energy.
   It protects you from acid and corrosion.
   It has a curse placed upon it.
 y - a +0 pair of gloves (worn)
Rods
 u - a +2 iron rod (13/13)
   (You found it in a labyrinth)
Jewellery
 b - the amulet "Qurel" (around neck) {Gourm Dex+4}
   (You took it off a minotaur in a labyrinth)

   [amulet of the gourmand]

   It allows you to eat raw meat even when not hungry.
   It affects your dexterity (+4).
 h - an uncursed ring of teleportation
 p - the ring "Imeuhaxtoff" (right hand) {Wiz rPois}
   (You found it in a labyrinth)

   [ring of wizardry]

   It improves your spell success rate.
   It protects you from poison.
 x - a +6 ring of protection (left hand)
 L - an uncursed ring of protection from cold
 P - an uncursed ring of see invisible
Wands
 t - a wand of frost (20)
 w - a wand of digging (18)
 N - a wand of draining (9)
 S - a wand of frost (24)
 V - a wand of flame (26)
 Z - a wand of paralysis (22)
Scrolls
 j - 6 scrolls of magic mapping
 l - 8 scrolls of remove curse
 n - 2 scrolls of amnesia
 o - 3 scrolls of immolation
 v - 4 scrolls of fog
 C - a scroll of recharging
 D - a scroll of identify
 G - a scroll of blinking
 M - 2 scrolls of enchant armour
 O - 3 scrolls of teleportation
Potions
 f - 3 potions of ambrosia
 k - 2 potions of heal wounds
 m - 2 potions of resistance
 q - 2 potions of invisibility
 A - a potion of magic
 B - 3 potions of berserk rage
 F - 3 potions of agility
 H - a potion of flight
 I - a potion of might
 J - 3 potions of curing
 K - 3 potions of brilliance
 R - a potion of poison {unknown}
 T - 2 potions of cancellation
 U - a potion of haste
Miscellaneous
 i - a sack of spiders
 z - a box of beasts
 Q - a sack of spiders
 X - a plain deck of defence {the Cloud}
Comestibles
 e - 17 bread rations


   Skills:
 - Level 14.0 Fighting
 - Level 20.2 Axes
 - Level 1.7 Throwing
 + Level 11.5 Armour
 + Level 8.5 Dodging
 * Level 20.9 Invocations
 + Level 10.5 Evocations


You had 16 spell levels left.
You didn't know any spells.

Dungeon Overview and Level Annotations

Branches:
Dungeon (15/15)            Temple (1/1) D:6            Lair (8/8) D:10
  Swamp (0/4) Lair:3       Spider (4/4) Lair:6        Slime (0/6) Lair:7
    Orc (4/4) D:12            Elf (0/3) Orc:3        Vaults (0/5) D:14
 Depths (0/5) D:15

Altars:
Ashenzari
Cheibriados
Dithmenos
Elyvilon
Fedhas
Gozag
Kikubaaqudgha
Makhleb
Nemelex Xobeh
Okawaru
Qazlal
Ru
Sif Muna
Trog
Vehumet
Xom
Yredelemnul
Zin
The Shining One
Jiyva

Shops:
D:7 !}(%   D:8 :   D:11 *   Orc:4 %(=[

Annotations:
D:9 swiechu's ghost, journeyman TrMo
Spider:4 princess's ghost, adept GrCj


Innate Abilities, Weirdness & Mutations

You can translocate small distances at will.
Your magical capacity is low (-10% MP).
You are occasionally teleported next to monsters.


Message History

The wolf spider barely misses you.
The wolf spider bites you but does no damage.
The emperor scorpion barely misses you. The emperor scorpion claws you.
* * * LOW HITPOINT WARNING * * *
You feel more protected from physical attacks.
You block the emperor scorpion's attack.
You slash the emperor scorpion! You freeze the emperor scorpion.
You kill the emperor scorpion!
Qazlal accepts your kill.
You slash the wolf spider! You freeze the wolf spider.
You kill the wolf spider!
Qazlal accepts your kill.
Your surroundings suddenly seem different.
You hear an angry hiss.
You hear an angry hiss.
You hear an angry hiss. x2
The orb spider weaves a glowing orb of energy.
You hear an angry hiss.
The wavering orb of destruction hits you!
You die...

.....# #....#
##### #....#
#.†≈## #....#
#†††.## ####
#....#
##.≈§§###^.^##
##....#≈≈...#.
#..#.§§.....≈.
#.###§§§s..≈..
#. ##@##.##≈
## ###..≈###
#....†.#
#%.s.†##
##≈†§## #....≈
.≈.#... .%
#... . ....


You could see an orb spider.

Vanquished Creatures
  Arachne (Spider:2)
  Frances (Spider:1)
  3 ghost moths
  2 emperor scorpions (Spider:4)
  Nessos (Lair:5)
  A salamander stormcaller (D:15)
  A minotaur (Lab)
  3 vault guards (D:14)
  Josephine (D:12)
  2 entropy weavers (Spider:3)
  6 hydras
  The ghost of kay3 the Nimble, a journeyman DrIE of Ashenzari (D:15)
  2 centaur warriors
  2 catoblepae
  Erica (D:10)
  A tengu warrior (D:9)
  12 death yaks
  A queen ant (Lair:3)
  3 orc high priests (Orc:4)
  Urug (Orc:1)
  Sonja (Orc:3)
  3 unseen horrors
  A harpy (shapeshifter) (D:13)
  A wizard (D:14)
  2 lindwurms
  2 deep elf conjurers (D:15)
  19 wolf spiders
  3 hornets
  9 orb spiders
  4 orc sorcerers
  2 hill giants
  3 necromancers
  3 ugly things
  4 orc knights (Orc:4)
  4 griffons
  An oklob plant (Lair:4)
  2 manticores
  2 moths of wrath
  37 elephants
  6 cyclopes
  2 naga magi (D:15)
  2 gargoyles
  13 spiny frogs
  3 black mambas
  4 fire drakes
  10 demonic crawlers
  An efreet (D:14)
  A freezing wraith (D:14)
  8 komodo dragons
  A redback zombie (D:15)
  A queen bee (Spider:2)
  A tengu conjurer (D:10)
  8 trolls
  7 polar bears
  14 jumping spiders
  7 two-headed ogres
  A harpy zombie (D:14)
  A giant leech (Lair:3)
  A slime creature (D:11)
  40 blink frogs
  3 boulder beetles
  19 trapdoor spiders
  A vampire (D:12)
  25 redbacks
  2 fire bats (Volcano)
  4 wyverns
  21 tarantellas
  53 yaks
  A spriggan (Lair:1)
  A shadow (D:13)
  A deep elf mage (D:13)
  19 humans (D:14)
  The ghost of Glider the Chopper, an amateur HOFi (D:6)
  6 basilisks
  3 hogs
  22 wolves
  16 hippogriffs
  2 hungry ghosts
  3 wraiths (D:12)
  A steam dragon (Lair:2)
  4 wargs
  A deep elf fighter (Volcano)
  9 porcupines
  A mottled dragon (D:15)
  24 orc warriors
  15 water moccasins
  6 sky beasts
  20 soldier ants
  Duvessa (D:7)
  5 wasps
  45 spiders
  4 black bears
  3 phantoms
  3 necrophages
  9 centaurs
  5 ice beasts
  13 ogres
  24 giant frogs
  17 crocodiles
  5 big kobolds
  Dowan (D:7)
  2 scorpions
  A wyvern skeleton (D:15)
  14 killer bees (Spider:2)
  16 wights
  8 centaur zombies
  3 electric eels
  11 crimson imps
  3 giant frog zombies
  2 quasits
  5 jellies
  27 orc priests
  16 hounds
  A gnoll shaman (D:5)
  2 giant frog skeletons
  8 iguanas
  Jessica (D:3)
  34 orc wizards
  9 centaur skeletons
  28 worker ants
  17 sheep
  A hound skeleton (D:9)
  26 river rats
  13 adders
  5 gnolls (D:5)
  6 shadow imps
  8 oozes
  An adder zombie (D:9)
  3 worms
  3 adder skeletons
  5 giant geckos
  171 orcs
  5 ball pythons
  11 bats
  9 giant cockroaches
  12 hobgoblins
  10 jackals
  3 quokkas
  A giant gecko skeleton (D:4)
  A giant gecko zombie (D:6)
  3 giant newts
  6 goblins
  A jackal skeleton (D:6)
  A jackal zombie (D:6)
  28 kobolds
  10 rats
  2 fire vortices (D:15)
  69 fungi
  55 plants
1377 creatures vanquished.

Vanquished Creatures (collateral kills)
  Wiglaf (Spider:3)
  Maud (D:10)
  The ghost of swiechu the Grappler, a journeyman TrMo of Okawaru (D:12)
  A blink frog (Lair:8)
4 creatures vanquished.

Vanquished Creatures (others)
  2 ugly things (D:15)
  A hornet (Spider:4)
  A wolf spider (Spider:4)
  A river rat (Lair:4)
  30 fungi
  18 plants
53 creatures vanquished.

Grand Total: 1434 creatures vanquished

Notes
Turn   | Place    | Note
--------------------------------------------------------------
     0 | D:1      | Glider the Hill Orc Gladiator began the quest for the Orb.
     0 | D:1      | Reached XP level 1. HP: 18/18 MP: 1/1
   283 | D:1      | Reached XP level 2. HP: 25/25 MP: 2/2
   370 | D:1      | Reached skill level 5 in Axes
   842 | D:1      | Reached XP level 3. HP: 27/30 MP: 3/3
  1148 | D:2      | Reached skill level 6 in Axes
  1364 | D:2      | Found a faded altar to an unknown god.
  1447 | D:2      | Reached XP level 4. HP: 32/37 MP: 4/4
  2083 | D:3      | Reached skill level 7 in Axes
  2185 | D:3      | Noticed Jessica
  2193 | D:3      | Killed Jessica
  2193 | D:3      | Reached XP level 5. HP: 38/42 MP: 5/5
  2406 | D:3      | Noticed an ogre
  2562 | D:4      | Reached skill level 8 in Axes
  3035 | D:4      | Noticed a phantom
  3240 | D:4      | Reached XP level 6. HP: 46/50 MP: 6/6
  3465 | D:5      | Entered Level 5 of the Dungeon
  3477 | D:5      | Reached skill level 9 in Axes
  3619 | D:4      | Killed a phantom
  3832 | D:5      | Reached skill level 10 in Axes
  3832 | D:5      | Reached XP level 7. HP: 45/56 MP: 7/7
  3974 | D:5      | Found a glowing drain.
  3981 | Sewer    | Entered a sewer
  4031 | Sewer    | Reached skill level 11 in Axes
  4389 | D:5      | Reached skill level 1 in Armour
  4389 | D:5      | Reached XP level 8. HP: 24/62 MP: 8/8
  5395 | D:6      | Noticed Glider's ghost (amateur HOFi)
  5652 | D:6      | Reached skill level 12 in Axes
  6024 | D:6      | Found a staircase to the Ecumenical Temple.
  6035 | D:6      | Reached XP level 9. HP: 67/72 MP: 9/9
  6042 | Temple   | Entered the Ecumenical Temple
  6378 | D:6      | Reached skill level 5 in Fighting
  6631 | D:6      | Killed Glider's ghost
  6631 | D:6      | Reached skill level 13 in Axes
  7441 | D:7      | Found Obugruq's Weapon Boutique.
  7537 | D:7      | Found Iplarghoc's Gadget Boutique.
  7816 | D:7      | Reached skill level 14 in Axes
  7920 | D:7      | Found Tiggu's Distillery.
  7923 | D:7      | Bought a potion of agility for 60 gold pieces
  7980 | D:7      | Found Zilif's Food Emporium.
  8110 | D:7      | Noticed Dowan
  8111 | D:7      | Noticed Duvessa
  8135 | D:7      | Killed Duvessa
  8141 | D:7      | Killed Dowan
  8532 | D:7      | Reached skill level 15 in Axes
  8685 | D:7      | Found a basalt altar of Yredelemnul.
  8758 | D:8      | Reached XP level 10. HP: 83/83 MP: 10/10
  9114 | D:8      | Found a shadowy altar of Dithmenos.
  9237 | D:8      | Found Tuirryah's Book Shop.
  9408 | D:8      | Reached skill level 16 in Axes
 10001 | D:9      | Reached skill level 5 in Armour
 10146 | D:9      | Found an ancient bone altar of Kikubaaqudgha.
 10146 | D:9      | Found a snail-covered altar of Cheibriados.
 10147 | D:9      | Found a stormy altar of Qazlal.
 10157 | D:9      | Found a sacrificial altar of Ru.
 10177 | D:9      | Became a worshipper of Qazlal Stormbringer
 10212 | D:9      | Found a shimmering altar of Xom.
 10283 | D:9      | Noticed swiechu's ghost (journeyman TrMo)
 10319 | D:9      | Reached skill level 1 in Invocations
 11232 | D:9      | Noticed a centaur warrior
 11245 | D:9      | Killed a centaur warrior
 11245 | D:9      | Reached skill level 5 in Invocations
 11722 | D:10     | Entered Level 10 of the Dungeon
 11728 | D:10     | Noticed a tengu warrior
 11782 | D:9      | Killed a tengu warrior
 11782 | D:9      | Reached XP level 11. HP: 40/89 MP: 14/16
 11988 | D:9      | Reached * piety under Qazlal
 12438 | D:10     | Found a staircase to the Lair.
 12471 | D:9      | HP: 3/91 [komodo dragon (9)]
 13328 | D:10     | Found a huge runed gate.
 13328 | D:10     | Noticed a griffon
 13329 | D:10     | Noticed Erica
 13329 | D:10     | Found a huge runed gate.
 13329 | D:10     | Found a huge runed gate.
 13329 | D:10     | Found a huge runed gate.
 13942 | D:11     | Found Gaumiamm's Assorted Antiques.
 13960 | D:11     | Gained mutation: Scrolls take you a little longer to read. [mutagenic meat]
 13962 | D:11     | Gained mutation: Your spells are a little easier to cast, but a little less powerful. [mutagenic meat]
 14223 | D:11     | Reached skill level 10 in Invocations
 14241 | D:11     | Reached ** piety under Qazlal
 14352 | D:11     | Noticed a hill giant
 14437 | D:12     | Noticed a hill giant
 14569 | D:10     | Noticed Maud
 14587 | Lair:1   | Entered Level 1 of the Lair of Beasts
 15518 | Lair:2   | Reached XP level 12. HP: 87/103 MP: 17/21
 15735 | Lair:2   | Noticed a six-headed hydra
 15751 | Lair:2   | Found a dark tunnel.
 15751 | Lair:2   | Noticed a lindwurm
 15760 | Volcano  | Entered a volcano
 16352 | Lair:2   | Killed a lindwurm
 16352 | Lair:2   | Reached skill level 1 in Evocations
 18207 | Lair:2   | You fall through a shaft!
 18243 | Lair:3   | Reached skill level 5 in Evocations
 19082 | Lair:3   | Reached *** piety under Qazlal
 19099 | Lair:3   | Noticed a five-headed hydra
 19116 | Lair:3   | Killed a five-headed hydra
 19124 | Lair:2   | Reached XP level 13. HP: 72/111 MP: 11/23
 19890 | Lair:3   | Noticed a queen ant
 19897 | Lair:3   | Killed a queen ant
 20296 | Lair:3   | Noticed a death yak
 20296 | Lair:3   | Noticed a death yak
 20296 | Lair:3   | Noticed a death yak
 20311 | Lair:3   | Noticed a death yak
 20318 | Lair:3   | Killed a death yak
 20318 | Lair:3   | Reached skill level 15 in Invocations
 20320 | Lair:3   | Noticed a death yak
 20329 | Lair:3   | Killed a death yak
 20341 | Lair:3   | Killed a death yak
 20348 | Lair:3   | Killed a death yak
 20627 | Lair:3   | Killed a death yak
 20627 | Lair:3   | Reached skill level 10 in Fighting
 20847 | Lair:3   | Found a staircase to the Swamp.
 21575 | D:10     | Killed Maud
 21760 | D:11     | Killed a hill giant
 22682 | D:12     | Killed a hill giant
 22688 | D:12     | Noticed Josephine
 22706 | D:12     | Killed Josephine
 23225 | D:12     | HP: 4/114 [swiechu's ghost (19)]
 23781 | D:12     | Killed swiechu's ghost
 24014 | D:12     | Found a staircase to the Orcish Mines.
 24075 | D:12     | Gained mutation: You can translocate small distances at will. [mutagenic meat]
 24230 | Orc:1    | Entered Level 1 of the Orcish Mines
 24757 | Orc:1    | Noticed Urug
 24769 | Orc:1    | Killed Urug
 24769 | Orc:1    | Reached **** piety under Qazlal
 25565 | Orc:1    | Reached XP level 14. HP: 84/122 MP: 26/26
 25998 | Orc:3    | Noticed Sonja
 26347 | Orc:3    | Killed Sonja
 26347 | Orc:3    | Reached ***** piety under Qazlal
 26711 | Orc:3    | Found a staircase to the Elven Halls.
 27678 | Orc:4    | Entered Level 4 of the Orcish Mines
 27844 | Orc:4    | Found a deep blue altar of Sif Muna.
 28090 | Orc:4    | Identified Sif Muna's Catalogue of Conjuration
 28207 | Orc:4    | Reached skill level 5 in Dodging
 28235 | Orc:4    | Reached skill level 17 in Invocations
 28241 | Orc:4    | Reached ****** piety under Qazlal
 29265 | Orc:4    | Found Wuqat's Antique Armour Shop.
 29265 | Orc:4    | Found Dukeesy's Food Emporium.
 29267 | Orc:4    | Found Rebili Xetho's Jewellery Shop.
 29267 | Orc:4    | Found Kiofijo's Antique Weapon Emporium.
 29283 | Orc:4    | Bought a polished scale mail for 216 gold pieces
 29283 | Orc:4    | Bought a pair of embroidered boots for 108 gold pieces
 29293 | Orc:4    | Identified the +0 scale mail of Subjectivity {rF++ rC- rCorr} (You bought it in a shop on level 4 of the Orcish Mines)
 29298 | Orc:4    | Identified a +1 pair of boots of running (You bought it in a shop on level 4 of the Orcish Mines)
 29311 | Orc:4    | Bought a cursed +6 ring of protection for 1125 gold pieces
 29311 | Orc:4    | Bought an uncursed ring of protection from magic for 375 gold pieces
 29315 | Orc:4    | Gained mutation: Your magical capacity is low (-10% MP). [potion of mutation]
 29315 | Orc:4    | Gained mutation: You are occasionally teleported next to monsters. [potion of mutation]
 29315 | Orc:4    | Gained mutation: You are clumsy. (Dex -2) [potion of mutation]
 29317 | Orc:4    | Gained mutation: Your magical capacity is very low (-20% MP). [potion of mutation]
 29317 | Orc:4    | Gained mutation: You are very clumsy. (Dex -4) [potion of mutation]
 29598 | Lair:2   | Killed a six-headed hydra
 30007 | Lair:4   | Reached skill level 18 in Axes
 30133 | Lair:4   | Lost mutation: You are very clumsy. (Dex -4) [potion of cure mutation]
 30133 | Lair:4   | Lost mutation: You are clumsy. (Dex -2) [potion of cure mutation]
 30133 | Lair:4   | Lost mutation: Your magical capacity is very low (-20% MP). [potion of cure mutation]
 30133 | Lair:4   | Lost mutation: Your spells are a little easier to cast, but a little less powerful. [potion of cure mutation]
 30133 | Lair:4   | Lost mutation: Scrolls take you a little longer to read. [potion of cure mutation]
 30635 | Lair:5   | Noticed Nessos
 30660 | Lair:5   | Killed Nessos
 31927 | Lair:6   | Found a hole to the Spider Nest.
 31950 | Lair:6   | Reached skill level 19 in Axes
 32329 | Lair:6   | Reached XP level 15. HP: 110/129 MP: 24/24
 32825 | Lair:7   | Reached skill level 20 in Axes
 33243 | Lair:7   | Found a staircase to the Slime Pits.
 33243 | Lair:7   | Found a viscous altar of Jiyva.
 33813 | Lair:8   | Entered Level 8 of the Lair of Beasts
 33857 | Lair:8   | Found a labyrinth entrance.
 33930 | Lab      | Entered a labyrinth
 34009 | Lab      | Got a warped copper amulet
 34018 | Lab      | Got a translucent glass ring
 34019 | Lab      | Got a twisted hunting sling
 34020 | Lab      | Identified the amulet "Qurel" {Gourm Dex+4} (You took it off a minotaur in a labyrinth)
 34022 | Lab      | Identified the ring "Imeuhaxtoff" {Wiz rPois} (You found it in a labyrinth)
 34023 | Lab      | Identified the cursed +0 hunting sling "Ehomiagee" {freeze, +Inv MR+ Str+4} (You found it in a labyrinth)
 35126 | Lair:8   | Reached XP level 16. HP: 101/139 MP: 26/26
 35761 | D:10     | Killed a griffon
 35767 | D:10     | Killed Erica
 35918 | D:12     | Noticed an unseen horror
 35919 | D:12     | Killed an unseen horror
 36061 | D:12     | Noticed an unseen horror
 36068 | D:12     | Killed an unseen horror
 36703 | D:13     | Got a smoking leather armour
 36714 | D:13     | Identified the +1 leather armour of the Apprentice {rPois MR- Str+8} (You found it on level 13 of the Dungeon)
 37281 | D:14     | Reached skill level 10 in Armour
 37331 | D:14     | Got a wavering turquoise ring
 37333 | D:14     | Identified the ring "Ellody" {+Fly rN+ MP+9 Str+2 Dex+3} (You took it off a human on level 14 of the Dungeon)
 37901 | D:14     | Found a gate to the Vaults.
 38042 | D:15     | Entered Level 15 of the Dungeon
 38554 | D:15     | Found a staircase to the Depths.
 38689 | D:15     | Noticed kay3's ghost (journeyman DrIE)
 38698 | D:15     | Killed kay3's ghost
 39301 | Spider:1 | Entered Level 1 of the Spider Nest
 39730 | Spider:1 | Reached XP level 17. HP: 114/149 MP: 6/27
 39924 | Spider:1 | Noticed Frances
 39932 | Spider:1 | Killed Frances
 40767 | Spider:2 | Noticed Arachne
 40783 | Spider:2 | Killed Arachne
 41960 | Spider:3 | Reached skill level 10 in Evocations
 42954 | Spider:3 | Got a faintly humming cloak
 42965 | Spider:3 | Identified the cursed +0 cloak "Qoloclu" {rN+ rCorr Str+3 Dex+3} (You found it on level 3 of the Spider Nest)
 42979 | Spider:4 | Entered Level 4 of the Spider Nest
 42979 | Spider:4 | Noticed princess's ghost (adept GrCj)
 43040 | Spider:4 | Noticed Wiglaf
 43370 | Spider:3 | Killed Wiglaf
 43799 | Spider:4 | Blown up by an orb spider

Action                   |  1- 3 |  4- 6 |  7- 9 | 10-12 | 13-15 | 16-18 || total
-------------------------+-------+-------+-------+-------+-------+-------++-------
Melee: War axe           |   108 |   157 |   423 |   939 |   494 |       ||  2121
       Battleaxe         |       |       |       |       |  1000 |   858 ||  1858
       Rod               |       |       |       |       |     6 |       ||     6
 Fire: Shortbow          |       |       |     7 |       |       |       ||     7
Throw: Throwing net      |       |     1 |       |       |       |       ||     1
       Tomahawk          |       |       |     6 |     3 |     4 |       ||    13
Invok: Upheaval          |       |       |       |     8 |    15 |     5 ||    28
       Elemental Force   |       |       |       |       |     3 |     3 ||     6
       Disaster Area     |       |       |       |       |       |     1 ||     1
 Abil: Evoke Flight      |       |       |       |     4 |     1 |       ||     5
Evoke: Wand              |       |       |       |     4 |     2 |       ||     6
       Rod               |       |       |       |       |     3 |       ||     3
  Use: Scroll            |       |     6 |     4 |    17 |    16 |     8 ||    51
       Potion            |       |     1 |     2 |    10 |     8 |     5 ||    26
 Stab: Sleeping          |     1 |       |       |       |       |       ||     1
       Paralysed         |       |       |       |       |     4 |       ||     4
       Petrifying        |       |       |       |       |       |     2 ||     2
  Eat: Chunk             |     2 |     7 |    14 |    24 |    52 |    23 ||   122
       Meat ration       |       |       |     1 |     2 |     4 |       ||     7
       Beef jerky        |       |       |       |       |     1 |       ||     1
